 Dungeon Crawl Stone Soup version 0.30-a0-881-g1ff12e1e11 (webtiles) character file.

Game seed: 9475720293345158184

43 retardedninja the Covered (level 3, -4/33 HPs)
             Began as an Armataur Fighter on Mar 14, 2023.
             Succumbed to a goblin's curare-tipped dart
             ... on level 2 of the Dungeon.
             The game lasted 00:01:21 (1068 turns).

retardedninja the Covered (Armataur Fighter)        Turns: 1068, Time: 00:01:21

Health: -4/33      AC:  7    Str: 23    XL:     3   Next: 37%
Magic:  3/3        EV:  7    Int:  8    God:
Gold:   8          SH:  4    Dex:  9    Spells: 2/2 levels left

rFire   . . .      SeeInvis .    a - +0 war axe
rCold   . . .      Faith    .    c - +0 buckler
rNeg    . . .      Spirit   .    b - +0 scale mail
rPois   .          Reflect  .    (no helmet)
rElec   .          Roll     +    (no cloak)
rCorr   .                        (no gloves)
Will    .....                    (no barding) Stlth
                                 (no amulet)
HPRegen 0.25/turn                (no ring)
MPRegen 0.08/turn                (no ring)

@: mighty, lethally poisoned (-4 -> -30), slowed, very slow
A: large, rugged brown scales 3, deformed body, armoured tail, roll, long
tongue, awkward tongue
a: no special abilities


You were on level 2 of the Dungeon.
You visited 1 branch of the dungeon, and saw 2 of its levels.

You collected 8 gold pieces.

Inventory:

Hand Weapons
 a - a +0 war axe (weapon)
Armour
 b - a +0 scale mail (worn)
 c - a +0 buckler (worn)
Potions
 f - a potion of invisibility {unknown}


   Skills:
 + Level 3.0 Fighting
 + Level 2.0 Axes
 + Level 4.1 Armour
 + Level 3.7 Shields


You had 2 spell levels left.
You didn't know any spells.
Your spell library was empty.

Dungeon Overview and Level Annotations

Branches:
Dungeon (2/15)

Altars:


Innate Abilities, Weirdness & Mutations

You are completely covered in rugged brown scales. (AC +3, +7% HP)
Armour fits poorly on your strangely shaped body.
You have a long armoured tail.
You roll when moving toward enemies. (Rampage)
Your long tongue fully drains potion bottles. (2x potion effects)
Your tongue gives you trouble enunciating. (1.5x scroll delay)


Message History

You barely miss the jackal.
The goblin shouts!
Your tail-slap misses the jackal.
The jackal is heavily wounded.
You hear a bark!
You hear a shout!
The jackal bites you but does no damage. x2
There are monsters nearby!
You hit the jackal.
You kill the jackal!
A jackal comes into view.
The goblin throws a curare-tipped dart.
The curare-tipped dart hits you.
You are poisoned.
You have difficulty breathing.
You feel yourself slow down.
The goblin throws a curare-tipped dart.
The curare-tipped dart hits you.
You are lethally poisoned!
You have difficulty breathing.
You feel as though you will be slow longer.
You are too injured to fight recklessly!
There is a lethal amount of poison in your body!
You are too injured to fight recklessly!
You are too injured to fight recklessly!
Unknown command.
You are too injured to fight recklessly!
You slurp down every last drop of the lumpy yellow potion!
It was a potion of heal wounds.
You feel much better.
You feel extremely sick.
You feel very sick.
The goblin throws a curare-tipped dart.
The curare-tipped dart hits you.
You are lethally poisoned!
You have difficulty breathing.
You feel as though you will be slow longer.
The goblin throws a curare-tipped dart.
The curare-tipped dart hits you.
You are more poisoned.
You have difficulty breathing.
* * * LOW HITPOINT WARNING * * *
You feel as though you will be slow longer.
You see here a ball python corpse.
You slurp down every last drop of the potion of might!
You feel very mighty all of a sudden.
You die...

#####..†#####.###...
#........## ##..
#...#####<###..# #
##.## ##.#.### ##.
#.# ##.####
##...#######.#
#.....
.............#
#.####
##......###### #.# #
.......h>@.# #.# ##
.####..g##.# #.# #.
##.## .# #.# #. #.
.# .#. #. #. .# # #
#. .h .# #. .. .. #.
.. #. #<


You could see a jackal and a goblin.

Vanquished Creatures
  A dart slug (D:1)
  A ball python (D:2)
  3 endoplasms (D:1)
  4 giant cockroaches (D:1)
  4 goblins (D:1)
  4 hobgoblins
  5 jackals
  2 quokkas
  2 bats (D:1)
  A frilled lizard (D:1)
  5 kobolds (D:1)
  2 rats (D:1)
34 creatures vanquished.

Notes
Turn   | Place    | Note
-------+----------+-------------------------------------------
     0 | D:1      | retardedninja the Armataur Fighter began the quest for the
                  | Orb.
     0 | D:1      | Reached XP level 1. HP: 19/19 MP: 1/1
   163 | D:1      | Reached XP level 2. HP: 26/26 MP: 2/2
   332 | D:1      | Reached skill level 4 in Armour
   351 | D:1      | You fall into a shaft and drop 1 floor!
   728 | D:1      | Reached XP level 3. HP: 27/33 MP: 3/3
  1068 | D:2      | Succumbed to a goblin's curare-tipped dart

Illustrated notes

Levels and vault maps discovered:
D:1:      dpeg_arrival_orchard, layout_basic, minmay_door_square,
          chequers_serial_rivers_large_b
D:2:      layout_loops_ring, chequers_serial_rivers_micro_a

Skill      XL: |  1  2 |
---------------+-------+-----
Armour         | 4 |  4.1
Fighting       | 3 |  3.0
Axes           | 2 |  2.0
Shields        | |  3.7

Action                     || total
---------------------------++-------
  Melee: War axe           ||    99
         Tailslap          ||     6
    Use: Potion            ||     2
 Armour: Scale mail        ||    50
  Dodge: Dodged            ||    44
  Block: Buckler           ||    25

Table legend: (Time is in decaauts)
 A = Elapsed time spent in this place.
 B = Non-inter-level travel time spent in this place.
 C = Inter-level travel time spent in this place.
 D = Time resting spent in this place.
 E = Time spent auto-exploring this place.
 F = Levels seen in this place.
 G = Mean time per level.
                   A        B        C        D        E       F      G
               +--------+--------+--------+--------+--------+-----+--------+
         Total |   1112 |   1052 |     60 |      0 |    824 |   2 |  556.0 |
       Dungeon |   1112 |   1052 |     60 |      0 |    824 |   2 |  556.0 |
               +--------+--------+--------+--------+--------+-----+--------+

Top non-repeatable levels by time:
     D:1: 974 daAuts
     D:2: 137 daAuts
